 Dungeon Crawl Stone Soup version 0.21-a0-509-gecc5317 (webtiles) character file.

846 BingusPrime the Slasher (level 8, 0/61 HPs)
             Began as a Barachi Skald on Nov 30, 2017.
             Killed by nerve-wracking pain
             ... invoked by Menkaure
              (13 damage)
             ... on level 4 of the Dungeon.
             The game lasted 00:31:30 (4785 turns).

BingusPrime the Slasher (Barachi Skald)             Turns: 4785, Time: 00:31:31

Health: 0/61       AC:  6    Str: 13    XL:     8   Next: 0%
Magic:  5/12       EV: 13    Int: 13    God:
Gold:   254        SH:  0    Dex: 14    Spells: 7/13 levels left

rFire    + . .     SeeInvis .   a - +1 falchion
rCold    x . .     Gourm    .   (no shield)
rNeg     . . .     Faith    .   b - +1 leather armour
rPois    .         Spirit   .   (no helmet)
rElec    .         Reflect  .   q - +1 cloak {MR+}
rCorr    .         Harm     .   (no gloves)
MR       +....                  (no boots)
Stlth    +.........             n - amulet of regeneration
HPRegen  1.60/turn              u - ring of fire
MPRegen  0.13/turn              (no ring)

@: very slightly contaminated, regenerating, slow
A: +LOS, swims, slowness 1, strong legs 1
a: Hop


You were on level 4 of the Dungeon.
You were not hungry.

You visited 1 branch of the dungeon, and saw 4 of its levels.
You also visited: Sewer.

You collected 254 gold pieces.

Inventory:

Hand Weapons
 a - a +1 falchion (weapon)
 j - a +0 dagger
 p - a +2 quarterstaff of chaos
 x - the +0 dagger of Chance {venom, rF++}
   (You found it in a sewer)

   It poisons the flesh of those it strikes.
   It greatly protects you from fire.
 A - a +2 dagger of venom
Missiles
 s - 7 javelins of returning (quivered)
Armour
 b - a +1 leather armour (worn)
 q - a +1 cloak of magic resistance (worn)
Magical Staves
 y - an uncursed staff of cold
Jewellery
 n - an amulet of regeneration (around neck)
 u - a ring of fire (left hand)
Wands
 w - a wand of flame (66)
Scrolls
 k - a scroll of fear
 l - 4 scrolls of teleportation
 m - a scroll of remove curse
 t - 3 scrolls of identify
 z - a scroll of enchant armour
 B - a scroll of blinking {unknown}
Potions
 e - a potion of brilliance
 g - a potion of degeneration {unknown}
 i - 2 potions of curing {unknown}
 o - a potion of haste {unknown}
 r - 3 potions of lignification {unknown}
 v - a potion of ambrosia {unknown}
Books
 c - a book of Battle

   Spells                             Type                      Level
   a - Infusion                       Charms                       1
   b - Shroud of Golubria             Charms/Translocation         2
   c - Song of Slaying                Charms                       2
   d - Spectral Weapon                Hexes/Charms                 3
   e - Regeneration                   Charms/Necromancy            3
 C - a book of Conjurations

   Spells                             Type                      Level
   a - Magic Dart                     Conjuration                  1
   b - Searing Ray                    Conjuration                  2
   c - Dazzling Spray                 Conjuration/Hexes            3
   d - Fulminant Prism                Conjuration/Hexes            4
   e - Force Lance                    Conjuration/Translocation    4
   f - Iskenderun's Mystic Blast      Conjuration                  4
Comestibles
 d - 5 bread rations
 f - 2 royal jellies
 h - a meat ration


   Skills:
 * Level 4.7 Fighting
 * Level 7.0 Long Blades
 - Level 1.2 Armour
 * Level 4.2 Dodging
 - Level 0.2 Stealth
 + Level 3.2 Spellcasting
 * Level 5.1 Charms
 + Level 0.2 Necromancy
 - Level 0.9 Translocations


You had 7 spell levels left.
You knew the following spells:

 Your Spells              Type           Power        Failure   Level  Hunger
a - Infusion              Chrm           ###.         3%          1    #......
b - Regeneration          Chrm/Necr      #.........   28%         3    ###....
c - Shroud of Golubria    Chrm/Tloc      ##........   12%         2    ##.....


Dungeon Overview and Level Annotations

Branches:
Dungeon (4/15)
 Temple: D:4-7

Altars:
Gozag
Okawaru
Qazlal
Trog

Annotations:
D:4 Menkaure


Innate Abilities, Weirdness & Mutations

Shadows flee at your approach. (+LOS)
You can swim through water.
You cover ground slowly.
You can hop short distances.


Message History

Confirm with . or Enter, or press ? or * to list all spells.
Space distorts slightly along a thin shroud covering your body.
Menkaure misses you. x2
You closely miss Menkaure.
Menkaure calls on the powers of darkness!
Your body is wracked with pain!
Casting: Shroud of Golubria
Confirm with . or Enter, or press ? or * to list all spells.
You miscast Regeneration.
You are very lightly contaminated with residual magic.
You feel a strange surge of energy! Menkaure hits you!
Your shroud falls apart!
Casting: Regeneration
Confirm with . or Enter, or press ? or * to list all spells.
Your skin crawls.
Menkaure closely misses you.
You riposte.
You hit Menkaure but do no damage. Menkaure hits you!
* * * LOW HITPOINT WARNING * * *
Menkaure gestures at you while chanting.
Pain shoots through your body!
You die...

#.# #.#
#.##. #.#
#.# #....
#.# #.#
##### #.#
#.# #.# #.#
#.# #.# #.#
#.# #.# #.#
#@#
#.##########
#########.#
#...........
........M.#
############
#########.#
###


You could see Menkaure.

Vanquished Creatures
  The ghost of mad the Ruffian, an amateur NaTm (D:3)
  2 phantoms (D:4)
  2 bullfrogs (Sewer)
  Crazy Yiuf (D:2)
  2 orc wizards (D:4)
  Terence (D:2)
  3 worker ants (D:4)
  Robin (D:2)
  4 gnolls
  10 adders
  An adder skeleton (D:4)
  2 worms
  4 dart slugs
  7 leopard geckos
  6 orcs
  7 bats
  7 giant cockroaches
  22 goblins
  9 hobgoblins
  6 jackals
  8 kobolds
  2 quokkas
  5 ball pythons
  9 frilled lizards
  A leopard gecko skeleton (D:4)
  8 rats
131 creatures vanquished.

Notes
Turn   | Place    | Note
-------+----------+-------------------------------------------
     0 | D:1      | BingusPrime the Barachi Skald began the quest for the Orb.
     0 | D:1      | Reached XP level 1. HP: 17/17 MP: 3/3
   189 | D:1      | Reached XP level 2. HP: 23/23 MP: 1/5
   193 | D:1      | Learned a level 2 spell: Song of Slaying
   725 | D:1      | Reached XP level 3. HP: 23/28 MP: 3/6
   729 | D:1      | Learned a level 2 spell: Shroud of Golubria
  1064 | D:1      | Reached skill level 3 in Long Blades
  1294 | D:2      | Reached XP level 4. HP: 33/34 MP: 4/7
  1463 | D:2      | Noticed Terence
  1471 | D:2      | Killed Terence
  1471 | D:2      | Reached XP level 5. HP: 36/42 MP: 4/8
  1761 | D:2      | Noticed Robin
  1791 | D:2      | Killed Robin
  2123 | D:2      | Reached skill level 4 in Long Blades
  2241 | D:2      | Found a runed door.
  2249 | D:2      | Learned a level 3 spell: Regeneration
  2249 | D:2      | Noticed Crazy Yiuf
  2263 | D:2      | Killed Crazy Yiuf
  2263 | D:2      | Reached XP level 6. HP: 23/48 MP: 0/9
  2665 | D:3      | Found an iron altar of Okawaru.
  2666 | D:3      | Noticed mad's ghost (amateur NaTm)
  2704 | D:3      | Found a stormy altar of Qazlal.
  2704 | D:3      | Found an opulent altar of Gozag.
  2788 | D:3      | Killed mad's ghost
  2827 | D:3      | Found a glowing drain.
  2832 | Sewer    | Entered a sewer
  2904 | Sewer    | Reached skill level 5 in Long Blades
  3030 | Sewer    | Reached XP level 7. HP: 42/54 MP: 8/11
  3052 | Sewer    | Got an ichor-stained dagger
  3358 | D:3      | Identified the cursed +0 dagger of Chance {venom, rF++} (You found it in a sewer)
  3631 | D:4      | Reached skill level 6 in Long Blades
  4074 | D:4      | Found a bloodstained altar of Trog.
  4125 | D:4      | Reached skill level 5 in Charms
  4400 | D:4      | Found a bloodstained altar of Trog.
  4693 | D:4      | Reached skill level 7 in Long Blades
  4693 | D:4      | Reached XP level 8. HP: 58/61 MP: 4/12
  4777 | D:4      | Noticed Menkaure
  4785 | D:4      | Killed from afar by Menkaure

Vault maps used:
D:1:      saegor_arrival_simple_f, st_stairs_4, grunt_decor_fettered,
          minivault_4
D:2:      dk_vineyard_2, minmay_crystal_water, uniq_crazy_yiuf_cottage,
          uniq_terence, uniq_robin
D:3:      grunt_temple_overflow_open, portal_sewer_entry_e, okawaru_trees_2
D:4:      kennysheep_little_box, first_bread, trog_butcher_becter, uniq_menkaure
Sewer:    sewer_frog_island_01

Skill      XL: |  1  2  3  4  5  6  7 |
---------------+----------------------+-----
Charms         | 4 5 |  5.1
Long Blades    | 3 4 5 7 |  7.0
Fighting       | 3 4 |  4.7
Dodging        | 3 4 |  4.2
Spellcasting   | 3 |  3.2
Armour         | |  1.2
Stealth        | |  0.2
Necromancy     | |  0.2
Translocations | |  0.9

Action                   |  1- 3 |  4- 6 |  7- 9 || total
-------------------------+-------+-------+-------++-------
Melee: Falchion          |    98 |   282 |   195 ||   575
Throw: Javelin           |       |     1 |       ||     1
 Cast: Infusion          |     1 |     2 |       ||     3
       Song of Slaying   |     1 |       |       ||     1
       Shroud of Golubri |     2 |    30 |    23 ||    55
       Regeneration      |       |     1 |     2 ||     3
 Abil: Hop               |     1 |     2 |       ||     3
  Use: Scroll            |     7 |     1 |     5 ||    13
 Stab: Sleeping          |     1 |       |       ||     1
       Distracted        |       |     1 |       ||     1
  Eat: Chunk             |     2 |    10 |     1 ||    13
       Meat ration       |       |       |     1 ||     1
       Bread ration      |       |       |     1 ||     1
Armor: Leather armour    |    37 |    89 |    36 ||   162
Dodge: Dodged            |    87 |   220 |   118 ||   425
       Rpst.: Falchion   |    30 |    74 |    34 ||   138

Table legend:
 A = Spawn XP
 B = Non-spawn XP
 C = Spawn XP percentage of total XP
 D = Spawn monster count
 E = Non-spawn monster count
 F = Spawn count percentage of total count
 G = Total turns spent on level
                    A         B        C        D         E        F      G
               +---------+---------+-------+---------+---------+-------+---------
         Total |       0 |    1209 |   0.0 |       0 |     131 |   0.0 |  4785
               +---------+---------+-------+---------+---------+-------+---------
           D:1 |       0 |      72 |   0.0 |       0 |      33 |   0.0 |  1355
           D:2 |       0 |     272 |   0.0 |       0 |      42 |   0.0 |  1232
           D:3 |       0 |     169 |   0.0 |       0 |      17 |   0.0 |   744
           D:4 |       0 |     465 |   0.0 |       0 |      19 |   0.0 |  1208
         Sewer |       0 |     231 |   0.0 |       0 |      20 |   0.0 |   246
               +---------+---------+-------+---------+---------+-------+---------
